 Dungeon Crawl Stone Soup version 0.20.1-1-g8b1a95d (webtiles) character file.

60928 renl the Fencer (level 15, -4/121 HPs)
             Began as a Formicid Fighter on July 20, 2017.
             Was a High Priest of Qazlal.
             Slain by a komodo dragon (13 damage)
             ... on level 6 of the Lair of Beasts on July 23, 2017.
             The game lasted 02:06:03 (18170 turns).

renl the Fencer (Formicid Fighter)                 Turns: 18170, Time: 02:06:03

Health: -4/121     AC: 26    Str: 27    XL:     15   Next: 40%
Magic:  24/24      EV:  8    Int:  8    God:    Qazlal [*****.]
Gold:   1360       SH: 14    Dex: 10    Spells: 14/14 levels left

rFire    . . .     SeeInvis +   a - +4 scimitar (flame)
rCold    + + .     Gourm    .   H - +2 buckler {rC+}
rNeg     . . .     Faith    .   x - +2 plate armour {rC+}
rPois    .         Spirit   .   (helmet unavailable)
rElec    .         Reflect  .   q - +0 cloak
rCorr    .         Harm     .   F - +2 pair of gloves
MR       ++...                  (no boots)
Stlth    ..........             D - amulet of regeneration
Regen    0.7/turn               Y - +4 ring of protection
MPRegen  0.2/turn               B - ring of protection from magic

@: lethally poisoned (-4 -> -11), repel missiles
A: permanent stasis, dig shafts and tunnels, four strong arms, antennae 3
a: Dig, Shaft Self, Upheaval, Elemental Force, Disaster Area, Renounce Religion


You were on level 6 of the Lair of Beasts.
You worshipped Qazlal.
Qazlal was extremely pleased with you.
You were hungry.

You visited 2 branches of the dungeon, and saw 21 of its levels.
You also visited: Ice Cave.

You collected 1360 gold pieces.

Inventory:

Hand Weapons
 a - a +4 scimitar of flaming (weapon)
 b - a +2 demon blade of electrocution
Missiles
 m - 3 tomahawks of returning
 C - 9 exploding tomahawks
 O - 4 steel tomahawks (quivered)
Armour
 q - a +0 cloak (worn)
 x - a +2 plate armour of cold resistance (worn)
 F - a +2 pair of gloves (worn)
 H - a +2 buckler of cold resistance (worn)
Jewellery
 B - a ring of protection from magic (right hand)
 D - an amulet of regeneration (around neck)
 S - an uncursed ring of fire
 Y - a +4 ring of protection (left hand)
Wands
 c - a wand of random effects (31/48)
 t - a wand of iceblast (7/15)
 v - a wand of iceblast (8/15)
 w - a wand of disintegration (13/24)
 y - a wand of paralysis (10/24)
 G - a wand of digging (0/24)
 J - a wand of lightning (11/15)
 K - a wand of paralysis (17/24)
 L - a wand of flame (16/48)
 T - a wand of iceblast (6/15)
Scrolls
 e - a scroll of amnesia
 j - 8 scrolls of identify
 n - 3 scrolls of magic mapping
 o - 4 scrolls of enchant weapon
 s - 10 scrolls of remove curse
 M - a scroll of brand weapon
 Q - a scroll of enchant armour
 V - a scroll of fog
 X - 2 scrolls of summoning
Potions
 d - 5 potions of might
 g - 2 potions of resistance
 h - 11 potions of curing
 i - 2 potions of lignification
 k - a potion of brilliance
 l - 2 potions of cancellation
 z - 3 potions of flight
 A - 3 potions of magic
 E - 2 potions of mutation
 R - a potion of invisibility
 Z - a potion of heal wounds
Miscellaneous
 r - a lamp of fire
Comestibles
 f - 15 bread rations
 p - 9 meat rations
 u - 7 fruits
 I - 7 chunks of flesh
 U - 21 royal jellies


   Skills:
 + Level 12.2 Fighting
 + Level 15.3 Long Blades
 + Level 11.1 Armour
 + Level 1.3 Dodging
 - Level 11.8 Shields
 * Level 13.2 Invocations
 + Level 0.7 Evocations


You had 14 spell levels left.
You didn't know any spells.

Dungeon Overview and Level Annotations

Branches:
Dungeon (15/15)            Temple (0/1) D:5            Lair (6/6) D:8
  Swamp (0/4) Lair:3        Snake (0/4) Lair:4        Slime (0/5) Lair:5
    Orc (0/2) D:12         Vaults (0/5) D:14
 Depths: D:15

Altars:
Elyvilon
Qazlal
Trog
Uskayaw
Xom
The Shining One
Beogh
Jiyva

Shops:
D:5 *   D:12 }

Portals:
Trove: D:10 (give 18 potions of curing)


Innate Abilities, Weirdness & Mutations

You cannot be hasted, slowed, berserked, paralysed or teleported.
You can dig through walls and to a lower floor.
Your four strong arms can wield two-handed weapons with a shield.
You have a pair of large antennae on your head. (SInv)


Message History

Your plate armour prevents you from hitting the komodo dragon.
You feel sick.
You hear a roar!
The komodo dragon bites you!
* * * LOW HITPOINT WARNING * * *
A four-headed hydra comes into view.
You slash the komodo dragon! You burn the komodo dragon.
The komodo dragon is heavily wounded.
* * * LOW HITPOINT WARNING * * *
You feel sick.
Okay, then.
Unknown command.
You slash the komodo dragon! You burn the komodo dragon.
The komodo dragon is severely wounded.
You feel sick. You block the komodo dragon's attack.
You hit the komodo dragon. You burn the komodo dragon.
The komodo dragon is almost dead.
You are feeling hungry.
You feel sick. The komodo dragon bites you!
You die...

###.......#...
#P.##.P††.#.#
##......†...###
#.......P.....#
.PP............##
.P..............#
..........%§§.### #
....#.#.....l###..##
...P.#......#@.....#
........(..†##.......
...#PP††††(..§.....
...?.............<.
...................
##.......P##P.P.D..
#..P..P..# ..PP...
##......## ...##..
#......# .##


You could see a four-headed hydra and a komodo dragon.

Vanquished Creatures
  Snorg (D:12)
  The ghost of azarias the Earth Mage, a journeyman GrEE of Vehumet (Lair:4)
  5 hydras
  2 centaur warriors
  2 tengu warriors (D:14)
  4 two-headed ogres
  The ghost of wyrdjoy the Severer, a novice HOFi of Trog (D:10)
  Sonja (D:15)
  An iron troll (D:14)
  A harpy (shapeshifter) (D:14)
  A wolf spider (D:15)
  12 ugly things
  An oklob plant (Lair:3)
  2 manticores (D:14)
  A centaur zombie (D:10)
  3 elephants (Lair:3)
  A cyclops (D:12)
  2 ice statues (IceCv)
  6 black mambas
  A centaur skeleton (D:14)
  Psyche (D:12)
  A gargoyle (D:12)
  11 spiny frogs
  7 komodo dragons
  A rime drake (shapeshifter) (D:14)
  A rime drake (Lair:4)
  A freezing wraith (D:14)
  10 ice devils (IceCv)
  An efreet (D:14)
  2 trolls
  3 meliai (D:14)
  4 polar bears
  A queen bee (D:9)
  4 hornets
  A tyrant leech (Lair:3)
  8 blink frogs (Lair:3)
  4 slime creatures (D:12)
  8 hippogriffs
  A meliai zombie (D:14)
  4 dream sheep (Lair:5)
  5 wyverns
  A vampire (D:10)
  4 basilisks
  17 yaks
  A spriggan (D:12)
  A human (D:12)
  A steam dragon (D:11)
  2 hungry ghosts
  4 nagas (Lair:4)
  9 water moccasins
  13 porcupines
  A hornet zombie (D:11)
  3 sky beasts
  10 ice beasts
  2 necrophages
  11 orc warriors
  2 black bears
  2 phantoms
  14 wolves
  7 ogres
  16 centaurs
  11 crocodiles
  4 big kobolds
  18 bullfrogs
  A wyvern zombie (D:12)
  7 scorpions
  28 killer bees
  5 wights (D:9)
  4 howler monkeys
  9 jellies
  3 crimson imps
  2 quasits
  A bullfrog zombie (D:7)
  6 hounds
  A bullfrog skeleton (D:11)
  12 orc priests
  2 gnoll shamans
  6 iguanas
  6 hell rats (Lair:5)
  20 orc wizards
  9 worker ants
  A hound zombie (D:10)
  11 gnolls
  2 worker ant zombies
  13 adders
  3 shadow imps
  6 white imps (IceCv)
  7 ufetubi (IceCv)
  10 oozes (Lair:3)
  4 worms
  13 dart slugs
  7 leopard geckos
  64 orcs
  3 giant cockroaches
  7 goblins
  11 hobgoblins
  9 jackals
  6 quokkas
  12 bats
  9 frilled lizards
  32 kobolds
  3 quokka skeletons
  A quokka zombie (D:7)
  6 rats
644 creatures vanquished.

Vanquished Creatures (collateral kills)
  Kirke (D:12)
  Urug (D:12)
  An ice beast (D:12)
3 creatures vanquished.

Vanquished Creatures (others)
  A reaper (IceCv)
  2 humans (D:12)
  2 white imps (IceCv)
  4 ufetubi (IceCv)
  An orc (D:12)
  51 fungi
  12 plants
73 creatures vanquished.

Grand Total: 720 creatures vanquished

Notes
Turn   | Place    | Note
-------+----------+-------------------------------------------
     0 | D:1      | renl the Formicid Fighter began the quest for the Orb.
     0 | D:1      | Reached XP level 1. HP: 18/18 MP: 1/1
   131 | D:1      | Reached XP level 2. HP: 24/24 MP: 2/2
   632 | D:1      | Reached XP level 3. HP: 28/29 MP: 3/3
   899 | D:2      | Found a faded altar of an unknown god.
  1065 | D:2      | Reached XP level 4. HP: 36/36 MP: 4/4
  1073 | D:2      | Reached skill level 3 in Long Blades
  1573 | D:3      | Reached XP level 5. HP: 41/42 MP: 5/5
  1753 | D:3      | Found a stormy altar of Qazlal.
  1762 | D:3      | Became a worshipper of Qazlal Stormbringer
  1957 | D:3      | Found a hide-covered altar of Uskayaw.
  2266 | D:4      | Reached skill level 4 in Long Blades
  2266 | D:4      | Reached XP level 6. HP: 46/48 MP: 6/6
  2323 | D:4      | Reached * piety under Qazlal
  2348 | D:4      | Found a white marble altar of Elyvilon.
  2400 | D:4      | Reached skill level 1 in Invocations
  2860 | D:4      | Noticed a phantom
  2870 | D:4      | Killed a phantom
  2870 | D:4      | Reached skill level 5 in Shields
  2870 | D:4      | Reached XP level 7. HP: 55/55 MP: 8/8
  3024 | D:5      | Entered Level 5 of the Dungeon
  3024 | D:5      | Found a staircase to the Ecumenical Temple.
  3095 | D:5      | Reached skill level 5 in Long Blades
  3153 | D:5      | Reached XP level 8. HP: 6/61 MP: 10/10
  3362 | D:5      | Reached skill level 5 in Armour
  3391 | D:5      | Found Jasinir's General Store.
  3647 | D:5      | Reached ** piety under Qazlal
  3940 | D:6      | Reached skill level 6 in Long Blades
  4037 | D:6      | Reached skill level 5 in Fighting
  4487 | D:6      | Reached XP level 9. HP: 48/68 MP: 12/12
  5078 | D:6      | Reached skill level 7 in Long Blades
  5185 | D:6      | Reached skill level 5 in Invocations
  5574 | D:7      | Reached *** piety under Qazlal
  5905 | D:8      | Reached skill level 8 in Long Blades
  5905 | D:8      | Reached XP level 10. HP: 60/74 MP: 14/14
  6000 | D:8      | Found a glowing golden altar of the Shining One.
  6197 | D:8      | Found a staircase to the Lair.
  6504 | D:8      | Reached skill level 9 in Long Blades
  6550 | D:9      | Reached **** piety under Qazlal
  6664 | D:9      | Found a bloodstained altar of Trog.
  7003 | D:9      | HP: 2/76 [queen bee (16)]
  7030 | D:9      | Reached XP level 11. HP: 19/81 MP: 9/16
  7316 | D:9      | Reached skill level 10 in Shields
  7561 | D:9      | HP: 3/82 [troll (9)]
  7613 | D:9      | Noticed a two-headed ogre
  7624 | D:9      | Killed a two-headed ogre
  7624 | D:9      | Reached skill level 10 in Long Blades
  8345 | D:10     | Entered Level 10 of the Dungeon
  8529 | D:10     | Noticed wyrdjoy's ghost (novice HOFi)
  8646 | D:10     | Killed wyrdjoy's ghost
  9330 | D:10     | Found a portal to a secret trove of treasure.
  9562 | D:11     | Reached ***** piety under Qazlal
  9625 | D:11     | Reached XP level 12. HP: 91/91 MP: 18/18
  9950 | D:11     | Reached skill level 11 in Long Blades
  9990 | D:11     | Found a shimmering altar of Xom.
 10215 | D:11     | Found a roughly hewn altar of Beogh.
 10421 | D:11     | Got a transparent short sword
 10422 | D:11     | Identified the +5 short sword of Untimely Demise {venom, rElec rPois rC+ SInv} (You found it on level 11 of the Dungeon)
 10442 | D:11     | Got an encrusted leather armour
 10453 | D:11     | Identified the +3 leather armour of the Monkey {Str+3 Int+3} (You found it on level 11 of the Dungeon)
 10733 | D:12     | Found Ussocyurr's Gadget Boutique.
 10767 | D:12     | Noticed Kirke
 10887 | D:12     | Noticed a sphinx
 10892 | D:12     | Killed Kirke
 10892 | D:12     | Reached skill level 10 in Invocations
 10899 | D:12     | Noticed a two-headed ogre
 10906 | D:12     | Killed a two-headed ogre
 10928 | D:12     | Noticed Psyche
 10953 | D:12     | Killed Psyche
 11015 | D:12     | Reached skill level 12 in Long Blades
 11037 | D:12     | Found a frozen archway.
 11050 | D:12     | Noticed Snorg
 11058 | D:12     | Killed Snorg
 11108 | IceCv    | Entered an ice cave
 11172 | IceCv    | Reached XP level 13. HP: 83/100 MP: 20/20
 11226 | IceCv    | Killed a reaper
 11516 | D:12     | Found a staircase to the Orcish Mines.
 11518 | D:12     | Noticed Urug
 11542 | D:12     | Killed Urug
 11542 | D:12     | Reached skill level 13 in Long Blades
 12085 | D:12     | You fall through a shaft for 3 floors!
 12085 | D:15     | Entered Level 15 of the Dungeon
 12088 | D:15     | Noticed Sonja
 12163 | D:15     | Killed Sonja
 12299 | D:15     | Noticed a centaur warrior
 12310 | D:15     | Killed a centaur warrior
 12424 | D:14     | Reached skill level 10 in Fighting
 12519 | D:14     | Reached XP level 14. HP: 73/110 MP: 22/22
 12797 | D:13     | Reached ****** piety under Qazlal
 12797 | D:13     | Reached skill level 14 in Long Blades
 13421 | D:14     | Found a gate to the Vaults.
 13835 | Lair:1   | Entered Level 1 of the Lair of Beasts
 15205 | Lair:3   | Reached skill level 10 in Armour
 15549 | Lair:3   | Found a staircase to the Swamp.
 16395 | Lair:4   | Noticed azarias's ghost (journeyman GrEE)
 16400 | Lair:4   | Reached skill level 15 in Long Blades
 16412 | Lair:4   | Killed azarias's ghost
 16412 | Lair:4   | Reached XP level 15. HP: 120/120 MP: 24/24
 16600 | Lair:4   | Found a staircase to the Snake Pit.
 17522 | Lair:5   | Found a staircase to the Slime Pits.
 17543 | Lair:5   | Found a viscous altar of Jiyva.
 18083 | Lair:6   | Entered Level 6 of the Lair of Beasts
 18141 | Lair:6   | Reached skill level 1 in Dodging
 18170 | Lair:6   | Slain by a komodo dragon

Skill      XL: |  1  2  3  4  5  6  7  8  9 10 11 12 13 14 15 |
---------------+----------------------------------------------+-----
Shields        | 4 5 6 7 9 11 | 11.8
Long Blades    | 3 4 5 6 8 9 10 12 13 15 | 15.3
Armour         | 4 5 6 7 9 10 11 | 11.1
Fighting       | 4 5 6 7 8 10 11 12 | 12.2
Invocations    | 2 3 4 6 7 9 10 11 12 13 | 13.2
Dodging        | 1 |  1.3
Evocations     | |  0.7

Action                   |  1- 3 |  4- 6 |  7- 9 | 10-12 | 13-15 || total
-------------------------+-------+-------+-------+-------+-------++-------
Melee: Long sword        |    86 |   112 |   205 |   770 |   102 ||  1275
       Falchion          |       |       |       |     5 |       ||     5
       Unarmed           |       |       |       |     1 |       ||     1
       Demon blade       |       |       |       |       |   262 ||   262
       Scimitar          |       |       |       |       |   481 ||   481
Throw: Javelin           |       |    46 |   102 |    42 |       ||   190
       Tomahawk          |       |       |     8 |    14 |    11 ||    33
Invok: Upheaval          |       |       |       |     9 |     2 ||    11
       Elemental Force   |       |       |       |     1 |     1 ||     2
 Abil: Dig               |       |       |     5 |    23 |    24 ||    52
Evoke: Wand              |       |       |       |     9 |     2 ||    11
  Use: Scroll            |       |       |       |    18 |    11 ||    29
       Potion            |       |       |       |     3 |     2 ||     5
 Stab: Distracted        |       |       |       |     1 |       ||     1
  Eat: Chunk             |     1 |     6 |    10 |    22 |    25 ||    64
Armor: Scale mail        |    39 |    45 |    65 |       |       ||   149
       Leather armour    |       |       |       |    87 |       ||    87
       Chain mail        |       |       |       |     2 |       ||     2
       Plate armour      |       |       |       |    35 |   239 ||   274
Dodge: Dodged            |    35 |    36 |    57 |   140 |   129 ||   397
       Deflected         |       |       |       |     8 |    12 ||    20
Block: Shield            |    47 |    60 |   143 |   585 |    35 ||   870
       Buckler           |       |       |       |       |   417 ||   417
       Rpst.: Long sword |     7 |     9 |    16 |    37 |     4 ||    73
       Falchion          |       |       |       |     1 |       ||     1
       Demon blade       |       |       |       |       |     9 ||     9
       Scimitar          |       |       |       |       |    13 ||    13
